cohdb
Replays
Latest Replays
All Replays
Popular Replays
Top Player Replays
Match Explorer
How It Works
Community
CoH3 Stats
Reddit
Sign in to upload your games and track your stats! →
Sign in with Steam
Match 45708213
Unlisted
Match 45708213
Overview
Messages
Build Orders
End
Construct Barracks
Selects Heavy Weapons
Riflemen Squad
Riflemen Squad
M1 Mortar Team
Construct Medical Station
Riflemen Squad
Riflemen Squad
Grenade Package
Mechanized Support Center
Selects Assault Carriers
Selects Halftrack Strongpoints
Selects M2HB .50cal Heavy Machine Gun
Construct Tank Depot
M1 Mortar Team
Selects Gallant Stand
M4A1 Sherman Medium Tank
M4A1 76mm Conversion
Selects Black Dragon Artillery Barrage
Black Dragon Artillery Barrage
<<[GOD]PreDaToR>>
woof_raff
Friendly Mouse(Poxie)
Rubielax
Zergvoss
True Xavier
0
0
Comments
sign in to comment!
No comments posted yet!